 Dungeon Crawl Stone Soup version 0.29.1-15-g9cfb28693d (console) character file.

Game seed: 4667665445913494775

74 Goreval the Caller (level 4, -3/30 HPs)
             Began as a Merfolk Summoner on Feb 28, 2023.
             Was a Follower of Dithmenos.
             Slain by Sigmund
             ... wielding a +0 scythe
              (9 damage)
             ... on level 3 of the Dungeon.
             The game lasted 00:10:09 (2571 turns).

Goreval the Caller (Merfolk Summoner)               Turns: 2571, Time: 00:10:09

Health: -3/30      AC:  3    Str:  8    XL:     4   Next: 30%
Magic:  6/7        EV: 12    Int: 16    God:    Dithmenos [*.....]
Gold:   79         SH:  0    Dex: 14    Spells: 2/8 levels left

rFire   . . .      SeeInvis .   a - +2 hand axe (vorpal)
rCold   . . .      Faith    +   (no shield)
rNeg    . . .      Spirit   .   j - +0 leather armour
rPois   .          Reflect  .   (no helmet)
rElec   .          Harm     .   (no cloak)
rCorr   .          Rampage  .   (no gloves)
Will    .....                   (no boots)
Stlth   ++........              q - amulet of faith
HPRegen 0.10/turn               i - ring of flight
MPRegen 0.10/turn               (no ring)

@: flying, wreathed by umbra
A: (nimble swimmer 2), mertail
a: Renounce Religion


You were on level 3 of the Dungeon.
You worshipped Dithmenos.
Dithmenos was aware of your devotion.
You visited 1 branch of the dungeon, and saw 3 of its levels.

You collected 79 gold pieces.

Inventory:

Hand Weapons
 a - a +2 vorpal hand axe (weapon)
 b - a +0 dagger
Missiles
 c - 22 poisoned darts
 f - 19 stones
Armour
 j - a +0 leather armour (worn)
 n - a +0 helmet
 x - a +0 ring mail
Magical Staves
 m - a staff of cold
Jewellery
 i - a ring of flight (left hand)
 q - an amulet of faith (around neck)
 w - an amulet of reflection
Wands
 z - a wand of paralysis (14)
Scrolls
 d - a scroll of brand weapon {unknown}
 l - 2 scrolls of identify {unknown}
 s - a scroll of teleportation {unknown}
 t - a scroll of enchant armour {unknown}
 u - a scroll of fog {unknown}
 y - a scroll of enchant weapon {unknown}
Potions
 e - a potion of haste {unknown}
 g - 2 potions of resistance {unknown}
 h - a potion of magic
 k - 3 potions of heal wounds {unknown}
 o - a potion of curing {unknown}
 p - 2 potions of attraction {unknown}
 r - a potion of might {unknown}
 v - a potion of lignification {unknown}


   Skills:
 * Level 0.7 Short Blades
 - Level 3.5 Dodging
 + Level 2.3 Stealth
 + Level 2.6 Spellcasting
 + Level 4.8 Summonings


You had 2 spell levels left.
You knew the following spells:

 Your Spells              Type           Power      Damage    Failure   Level
a - Summon Small Mammal   Summ           68%        N/A       3%          1
b - Call Canine Familiar  Summ           17%        N/A       12%         3
z - Call Imp              Summ           17%        N/A       6%          2

Your spell library contained the following spells:

 Spells                   Type           Power      Damage    Failure   Level
 Foxfire                  Conj/Fire      8%         2x1d4     28%         1
 Summon Guardian Golem    Hex/Summ       9%         N/A       32%         3
 Conjure Flame            Conj/Fire      2%         6-21      65%         3
 Inner Flame              Hex/Fire       2%         N/A       65%         3
 Summon Lightning Spire   Summ/Air       9%         N/A       71%         4
 Flame Wave               Conj/Fire      2%         2d4       96%         4


Dungeon Overview and Level Annotations

Branches:
Dungeon (3/15) Zot: 15414

Altars:
Dithmenos

Annotations:
D:3 Sigmund


Innate Abilities, Weirdness & Mutations

((You are very nimble when in or above water. (Stealth+, EV+, Speed+++)))
Your lower body shifts to a powerful aquatic tail in water.


Message History

The hobgoblin hits you but does no damage.
You hit the hobgoblin.
You kill the hobgoblin!
Dithmenos accepts your kill.
Your quokka closely misses the quokka.
The quokka twitches its whiskers.
The quokka bites your quokka.
You see here a hobgoblin corpse.
Your quokka bites the quokka.
The quokka barely misses your quokka.
Your quokka bites the quokka.
The quokka barely misses your quokka.
Your rat closely misses the quokka.
The quokka closely misses your quokka.
Your quokka bites the quokka.
Your rat bites the quokka.
The quokka dies!
Dithmenos accepts your kill.
z - a wand of paralysis (14)
There are no items here.
You swap places.
You see here a hobgoblin corpse.
Sigmund the Dreaded comes into view.
He is wielding a +0 scythe and wearing a +2 robe of willpower.
Your rat disappears in a puff of smoke!
A beastly little devil appears in a puff of frigid air.
Your quokka bites Sigmund.
Sigmund mumbles some strange words.
Sigmund flickers and vanishes!
Deactivating autopickup; reactivate with Ctrl-A.
Something hits your quokka but does no damage.
You don't know that spell.
Okay, then.
Your quokka disappears in a puff of smoke!
Something hits you. Something hits you but does no damage.
You hit something. Something hits you but does no damage.
You barely miss something. Something hits you!
You closely miss something. Something hits you.
You closely miss something. You closely miss something. Something hits you.
You hit something. Something hits you!
* * * LOW HITPOINT WARNING * * *
Something hits you!
You die...

############# ##.....#.....##
##.............##
#.....##...............#
#.....##...............#
#.....##...............#
#.....##..<.>..........#
#.....##...............# ..
######.....##.....).........# ...
##### ............#...............##
....##...## ###.#
#.....#........#.....## .....@r†.^##
#... ##.............########
.###.......#
#####.#######.@............#
#.......###...........{.5.##.........#
#.......##...............###.#.......#
##...........##.####...### #.####.####
...........@...†.###).### ..# #.#
#.>..........######..## #.## #..
##.......#..........## .. ....
#.........######..## #.# ..###
...:....#... .......
..##....######.#######.. .[... .. ##


You could see a friendly white imp (summoned).

Vanquished Creatures
  An adder (D:3)
  A dart slug (D:1)
  4 endoplasms
  2 goblins
  4 hobgoblins
  6 jackals (D:2)
  4 kobolds
  4 quokkas
  4 ball pythons
  4 rats
34 creatures vanquished.

Vanquished Creatures (collateral kills)
  An adder (D:2)
  A dart slug (D:1)
  A giant cockroach (D:1)
  2 goblins (D:1)
  A jackal (D:2)
  2 quokkas
  A bat (D:2)
  A frilled lizard (D:1)
  2 rats
12 creatures vanquished.

Grand Total: 46 creatures vanquished

Notes
Turn   | Place    | Note
-------+----------+-------------------------------------------
     0 | D:1      | Goreval the Merfolk Summoner began the quest for the Orb.
     0 | D:1      | Reached XP level 1. HP: 13/13 MP: 3/3
   503 | D:1      | Reached XP level 2. HP: 14/19 MP: 1/5
   506 | D:1      | Learned a level 2 spell: Call Imp
  1114 | D:1      | Reached XP level 3. HP: 23/24 MP: 4/6
  1118 | D:1      | Learned a level 3 spell: Call Canine Familiar
  2122 | D:2      | Found a faded altar of an unknown god.
  2131 | D:2      | Prayed at the altar of an unknown god.
  2131 | D:2      | Became a worshipper of Dithmenos the Shadowed
  2131 | D:2      | Reached * piety under Dithmenos
  2241 | D:2      | Reached XP level 4. HP: 30/30 MP: 7/7
  2534 | D:3      | Noticed Sigmund
  2571 | D:3      | Slain by Sigmund

Illustrated notes

Levels and vault maps discovered:
D:1:      dpeg_arrival_concentric_ovals, layout_basic,
          minmay_misc_feat_secret_circle, minmay_door_square,
          minmay_tetromino_i2
D:2:      layout_rooms, ebering_ecumenical_altar_webs
D:3:      layout_rooms, uniq_terence, uniq_sigmund

Skill      XL: |  1  2 |
---------------+-------+-----
Dodging        | 3 |  3.5
Short Blades   | |  0.7
Stealth        | |  2.3
Spellcasting   | |  2.6
Summonings     | |  4.8

Action                   |  1- 3 |  4- 6 || total
-------------------------+-------+-------++-------
Melee: Dagger            |    55 |       ||    55
       Unarmed           |     6 |       ||     6
       Punch             |     1 |       ||     1
       Hand axe          |    30 |    25 ||    55
 Cast: Summon Small Mamm |    32 |     3 ||    35
       Call Imp          |     2 |     1 ||     3
 Stab: Sleeping          |     1 |     1 ||     2
Armor: Leather armour    |    23 |     6 ||    29
Dodge: Dodged            |    72 |    12 ||    84
